 Dungeon Crawl Stone Soup version 0.29.0-4-gdea44cf6ec (webtiles) character file.

Game seed: 7047505680979395011

13585 qw the Grappler (level 11, -2/102 HPs)
             Began as a Troll Cinder Acolyte on Sept 1, 2022.
             Was a Priest of Ignis.
             Killed by the air
             ... invoked by a wind drake
              (16 damage)
             ... on level 2 of the Lair of Beasts.
             The game lasted 00:04:46 (8827 turns).

qw the Grappler (Troll Cinder Acolyte)              Turns: 8827, Time: 00:04:47

Health: -2/102     AC: 21    Str: 32    XL:     11   Next: 77%
Magic:  11/11      EV:  8    Int:  9    God:    Ignis [***...]
Gold:   215        SH: 15    Dex:  7    Spells: 12/12 levels left

rFire   + . .      SeeInvis .     - Unarmed
rCold   . . .      Faith    .   d - +1 kite shield of the Black Moon {rElec Dex+3}
rNeg    + . .      Spirit   .   a - +0 swamp dragon scales
rPois   +          Reflect  +   (helmet restricted)
rElec   +          Harm     .   f - +1 cloak
rCorr   .          Rampage  .   (gloves unavailable)
Will    +....                   (boots unavailable)
Stlth   ..........              g - amulet of reflection
HPRegen 1.07/turn               j - ring of positive energy
MPRegen 0.12/turn               b - ring of willpower

@: spiked, fiery-armoured
A: large, unfitting armour, claws 3, regeneration 1, shaggy fur 1, tough skin 1,
iridescent scales 1, strong 1
a: Renounce Religion, Fiery Armour, Foxfire Swarm, Rising Flame


You were on level 2 of the Lair of Beasts.
You worshipped Ignis.
Ignis was most pleased with you.
You visited 2 branches of the dungeon, and saw 10 of its levels.

You collected 548 gold pieces.
You spent 333 gold pieces at shops.


Innate Abilities, Weirdness & Mutations

You are too large for most types of armour.
You have claws for hands.
Your natural rate of healing is unusually fast.
You are covered in fur. (AC +1)
You have tough skin. (AC +1)
You are partially covered in iridescent scales. (AC +2)
Your muscles are strong. (Str +4, Int/Dex -1)


   Skills:
 - Level 5.1 Fighting
 - Level 2.1 Throwing
 + Level 2.8 Armour
 - Level 2.1 Dodging
 - Level 10.0 Shields
 - Level 14.0 Unarmed Combat
 - Level 1.0 Spellcasting
 - Level 2.1 Fire Magic


You had 12 spell levels left.
You didn't know any spells.
Your spell library contained the following spells:

 Spells                   Type           Power      Damage    Failure   Level
 Scorch                   Fire           8%         2d5       52%         2

Inventory:

Missiles
 o - a boomerang (quivered)
Armour
 a - +0 swamp dragon scales (worn)
 d - the +1 kite shield of the Black Moon (worn) {rElec Dex+3}
   (You acquired it on level 2 of the Dungeon)

   Dex:       It affects your dexterity (+3).
   rElec:     It insulates you from electricity.
 f - a +1 cloak (worn)
Jewellery
 b - a ring of willpower (right claw)
 g - an amulet of reflection (around neck)
 j - a ring of positive energy (left claw)
 r - a ring of poison resistance
Scrolls
 c - a scroll of enchant weapon
 e - 2 scrolls of identify
Potions
 h - 3 potions of curing
 i - a potion of resistance
 m - a potion of might
 q - a potion of haste {unknown}

Dungeon Overview and Level Annotations

Branches:
Dungeon (8/15)             Temple (0/1) D:4            Lair (2/5) D:8
 Shoals (0/4) Lair:2
  Snake: Lair:2-3    Spider: Lair:2-3

Altars:
Ashenzari

Shops:
D:8 *


Message History

Found a scroll of noise.
The barbed spikes dig painfully into your body as you move.
The barbed spikes snap loose.
You block the wolf's attack. The wind drake flaps its wings at you.
The air twists around and strikes you!
You mangle the wolf!!
You kill the wolf!
You block the wolf's attack.
The manticore flicks its tail.
The volley of spikes hits you!
The barbed spikes become lodged in your body.
You block the wolf's attack.
You mangle the wolf!!
The wolf is almost dead.
The wolf bites you but does no damage.
The wolf is burned by your cloak of flames.
The wolf is moderately wounded.
The wolf bites you.
The wolf is burned by your cloak of flames.
You kill the wolf!
You block the wolf's attack.
You closely miss the wolf.
The wolf is moderately wounded.
You block the wolf's attack. The wolf barely misses you.
The wind drake barely misses you.
You barely miss the wolf.
The wolf is moderately wounded.
The wolf bites you.
The wolf is burned by your cloak of flames.
The wolf is moderately wounded.
The wolf bites you but does no damage.
The wolf is burned by your cloak of flames.
The wolf is lightly wounded.
The wolf bites you but does no damage.
The wolf is burned by your cloak of flames.
The wolf is heavily wounded.
The wind drake flaps its wings at you. The air twists around and strikes you!
You die...

.... .?..####..... ....
... ...#.#####....
#.#.##... ..#...P##......
# # P..# #.##.P.!........
# #..# #.# .........).. #
####..# #.# #...........
###PP...###.###...........
......>..#...##..hH.......
....#.##.##...#.@#........
................hk........
..........................
..###.PP...#..............
### ####.###...........>..
### ##....#........
##...#........
#....#........
...............


You could see a wind drake (repels missiles), a manticore and 2 wolves.

Vanquished Creatures
  A hydra (Lair:1)
  A boulder beetle (Lair:1)
  2 two-headed ogres (D:8)
  Pikel (D:6)
  2 black mambas
  Joseph (D:8)
  Maggie (D:8)
  2 cane toads (Lair:1)
  6 komodo dragons
  Grinder (D:4)
  Sigmund (D:4)
  Eustachio (D:6)
  3 wyverns
  2 basilisks (Lair:1)
  13 yaks
  2 wargs (D:8)
  A water moccasin (Lair:1)
  An orc warrior (D:8)
  An ice beast (D:6)
  2 sky beasts (D:8)
  4 centaurs
  11 wolves
  2 phantoms
  Blork the orc (D:6)
  A kobold brigand (D:7)
  9 bullfrogs
  A necrophage (D:6)
  A gnoll sergeant (D:7)
  7 scorpions
  3 killer bees (D:8)
  3 electric eels (Lair:1)
  2 hounds
  3 jellies
  3 orc priests
  2 gnoll boudas
  5 iguanas
  6 orc wizards
  14 gnolls
  9 adders
  A white imp (D:5)
  An ufetubus (D:7)
  A worm (D:2)
  2 dart slugs (D:3)
  23 orcs
  4 endoplasms
  3 giant cockroaches
  15 goblins
  15 hobgoblins
  5 jackals
  4 quokkas
  5 ball pythons
  5 bats
  5 frilled lizards
  20 kobolds
  7 rats
248 creatures vanquished.

Vanquished Creatures (others)
  5 fungi
  14 plants
19 creatures vanquished.

Grand Total: 267 creatures vanquished

Notes
Turn   | Place    | Note
-------+----------+-------------------------------------------
     0 | D:1      | qw the Troll Cinder Acolyte began the quest for the Orb.
     0 | D:1      | Reached XP level 1. HP: 22/22 MP: 1/1
     0 | D:1      | 0 ||| qw: Version: 0.1-a-97-g2dd2ca4
     0 | D:1      | 0 ||| qw: Game counter: 4802
     0 | D:1      | 0 ||| qw: Always use a shield: true
     0 | D:1      | 0 ||| qw: God list: Okawaru
     0 | D:1      | 0 ||| qw: Allow faded altars: false
     0 | D:1      | 0 ||| qw: Do Orc after D:15 true
     0 | D:1      | 0 ||| qw: Do second Lair branch before Depths: true
     0 | D:1      | 0 ||| qw: Lair rune preference: random
     0 | D:1      | 0 ||| qw: Plans: Normal
     0 | D:1      | 0 ||| PLANNING D:1-11
   118 | D:1      | 118 ||| Stepping ~*~*~tactically~*~*~ (outnumbered).
   223 | D:1      | Reached XP level 2. HP: 29/29 MP: 2/2
   357 | D:1      | 357 ||| Stepping ~*~*~tactically~*~*~ (stealth).
   358 | D:1      | 358 ||| Stepping ~*~*~tactically~*~*~ (stealth).
   360 | D:1      | 360 ||| Stepping ~*~*~tactically~*~*~ (stealth).
   366 | D:1      | 366 ||| Stepping ~*~*~tactically~*~*~ (outnumbered).
   367 | D:1      | 367 ||| Stepping ~*~*~tactically~*~*~ (outnumbered).
   368 | D:1      | 368 ||| Stepping ~*~*~tactically~*~*~ (outnumbered).
   369 | D:1      | 369 ||| Stepping ~*~*~tactically~*~*~ (outnumbered).
   370 | D:1      | 370 ||| Stepping ~*~*~tactically~*~*~ (outnumbered).
   372 | D:1      | 372 ||| Stepping ~*~*~tactically~*~*~ (outnumbered).
   403 | D:1      | Reached skill level 4 in Unarmed Combat
   520 | D:1      | Found a faded altar of an unknown god.
   680 | D:2      | Reached XP level 3. HP: 36/36 MP: 3/3
   826 | D:2      | Reached skill level 1 in Throwing
  1062 | D:2      | 1062 ||| UPGRADING to amulet of reflection.
  1067 | D:2      | 1067 ||| UPGRADING to ring of positive energy.
  1068 | D:2      | 1068 ||| READING scroll labelled PUTEHY BOETHES.
  1069 | D:2      | 1069 ||| READING scroll labelled YNYRO OHUDEA.
  1070 | D:2      | 1070 ||| READING scroll labelled ZAOQOEMU NYOSCH.
  1071 | D:2      | 1071 ||| READING scroll labelled YQOITE KYOTA.
  1072 | D:2      | 1072 ||| READING scroll labelled XINELES YCHAO.
  1073 | D:2      | 1073 ||| READING scroll labelled OHEQIE LUSTRA.
  1073 | D:2      | Identified a scroll of acquirement
  1073 | D:2      | 1073 ||| ACQUIRING +1 kite shield of the Black Moon {rElec
                  | Dex+3}
  1073 | D:2      | Acquired the +1 kite shield of the Black Moon {rElec Dex+3}
  1075 | D:2      | 1075 ||| UPGRADING to +1 kite shield of the Black Moon
                  | {rElec Dex+3}.
  1184 | D:3      | 1184 ||| Stepping ~*~*~tactically~*~*~ (stealth).
  1186 | D:3      | 1186 ||| Stepping ~*~*~tactically~*~*~ (stealth).
  1234 | D:3      | Reached skill level 1 in Shields
  1235 | D:3      | 1235 ||| Stepping ~*~*~tactically~*~*~ (outnumbered).
  1266 | D:3      | 1266 ||| Stepping ~*~*~tactically~*~*~ (stealth).
  1330 | D:3      | 1330 ||| Stepping ~*~*~tactically~*~*~ (hiding).
  1359 | D:3      | Reached XP level 4. HP: 44/44 MP: 4/4
  1842 | D:3      | 1842 ||| UPGRADING to +1 cloak.
  1847 | D:3      | 1847 ||| READING 2 scrolls labelled QIXTEK ZOOLYTE.
  1848 | D:3      | 1848 ||| READING scroll labelled URGHIT ENEE.
  1849 | D:3      | 1849 ||| DROPPING scroll of noise.
  1922 | D:4      | 1922 ||| Stepping ~*~*~tactically~*~*~ (hiding).
  1924 | D:4      | 1924 ||| Stepping ~*~*~tactically~*~*~ (hiding).
  2076 | D:4      | Noticed a scorpion
  2079 | D:4      | Noticed a scorpion
  2080 | D:4      | 2080 ||| Stepping ~*~*~tactically~*~*~ (stealth).
  2081 | D:4      | Killed a scorpion
  2082 | D:4      | Reached skill level 3 in Shields
  2082 | D:4      | Reached XP level 5. HP: 50/50 MP: 5/5
  2099 | D:4      | 2099 ||| Stepping ~*~*~tactically~*~*~ (stealth).
  2114 | D:4      | 2114 ||| Stepping ~*~*~tactically~*~*~ (outnumbered).
  2352 | D:4      | Reached XP level 6. HP: 59/59 MP: 6/6
  2400 | D:4      | Noticed Grinder
  2401 | D:4      | 2401 ||| Stepping ~*~*~tactically~*~*~ (hiding).
  2402 | D:4      | 2402 ||| Stepping ~*~*~tactically~*~*~ (hiding).
  2409 | D:4      | Paralysed by Grinder for 2 turns
  2424 | D:4      | Killed Grinder
  2425 | D:4      | Reached skill level 6 in Unarmed Combat
  2463 | D:4      | Found a staircase to the Ecumenical Temple.
  2468 | D:4      | 2468 ||| Stepping ~*~*~tactically~*~*~ (stealth).
  2471 | D:4      | 2471 ||| INVOKING Fiery Armour.
  2472 | D:4      | 2472 ||| Stepping ~*~*~tactically~*~*~ (hiding).
  2476 | D:4      | 2476 ||| Stepping ~*~*~tactically~*~*~ (outnumbered).
  2478 | D:4      | 2478 ||| Stepping ~*~*~tactically~*~*~ (outnumbered).
  2479 | D:4      | 2479 ||| Stepping ~*~*~tactically~*~*~ (outnumbered).
  2480 | D:4      | 2480 ||| Stepping ~*~*~tactically~*~*~ (outnumbered).
  2481 | D:4      | 2481 ||| Stepping ~*~*~tactically~*~*~ (outnumbered).
  2482 | D:4      | 2482 ||| Stepping ~*~*~tactically~*~*~ (outnumbered).
  2483 | D:4      | 2483 ||| Stepping ~*~*~tactically~*~*~ (outnumbered).
  2484 | D:4      | 2484 ||| Stepping ~*~*~tactically~*~*~ (outnumbered).
  2485 | D:4      | 2485 ||| Stepping ~*~*~tactically~*~*~ (hiding).
  2486 | D:4      | 2486 ||| Stepping ~*~*~tactically~*~*~ (outnumbered).
  2487 | D:4      | 2487 ||| Stepping ~*~*~tactically~*~*~ (outnumbered).
  2488 | D:4      | 2488 ||| Stepping ~*~*~tactically~*~*~ (outnumbered).
  2489 | D:4      | 2489 ||| Stepping ~*~*~tactically~*~*~ (outnumbered).
  2490 | D:4      | 2490 ||| Stepping ~*~*~tactically~*~*~ (outnumbered).
  2491 | D:4      | 2491 ||| Stepping ~*~*~tactically~*~*~ (outnumbered).
  2495 | D:4      | Reached XP level 7. HP: 47/66 MP: 7/7
  2664 | D:4      | Noticed Sigmund
  2669 | D:4      | Killed Sigmund
  2834 | D:4      | Reached skill level 1 in Dodging
  3140 | D:4      | 3140 ||| READING scroll labelled NAEHA OGETWOKI.
  3141 | D:4      | 3141 ||| READING scroll labelled TAFRYU UG UPLIMP.
  3142 | D:4      | 3142 ||| READING scroll labelled OMUGEF ULEXKEL.
  3145 | D:4      | 3145 ||| READING scroll labelled ASELYL DIHI.
  3146 | D:4      | 3146 ||| DRINKING 2 yellow potions.
  3146 | D:4      | Gained mutation: You are frail. (-10% HP) [potion of
                  | mutation]
  3146 | D:4      | Gained mutation: Your flesh is cold resistant. (rC+)
                  | [potion of mutation]
  3146 | D:4      | Gained mutation: You are resistant to electric shocks.
                  | (rElec) [potion of mutation]
  3147 | D:4      | 3147 ||| DRINKING potion of mutation.
  3147 | D:4      | Lost mutation: Your flesh is cold resistant. (rC+) [potion
                  | of mutation]
  3147 | D:4      | Lost mutation: You are resistant to electric shocks.
                  | (rElec) [potion of mutation]
  3147 | D:4      | Lost mutation: You are frail. (-10% HP) [potion of
                  | mutation]
  3147 | D:4      | Gained mutation: Your muscles are strong. (Str +4, Int/Dex
                  | -1) [potion of mutation]
  3147 | D:4      | Gained mutation: You are partially covered in iridescent
                  | scales. (AC +2) [potion of mutation]
  3154 | D:4      | 3154 ||| READING 2 scrolls of identify.
  3154 | D:4      | 3154 ||| IDENTIFYING viscous ruby potion
  3164 | D:5      | Entered Level 5 of the Dungeon
  3165 | D:5      | 3165 ||| PLANNING OSSUARY
  3293 | D:5      | Found a broken altar of Ashenzari.
  3371 | D:5      | 3371 ||| Stepping ~*~*~tactically~*~*~ (hiding).
  3377 | D:5      | 3377 ||| DRINKING potion of curing.
  3377 | D:5      | 3377 ||| (to cure confusion)
  3388 | D:5      | Reached XP level 8. HP: 70/74 MP: 8/8
  3394 | D:5      | Reached skill level 7 in Unarmed Combat
  3394 | D:5      | You fall into a shaft and drop 2 floors!
  3498 | D:6      | 3498 ||| Stepping ~*~*~tactically~*~*~ (hiding).
  3615 | D:5      | 3615 ||| Stepping ~*~*~tactically~*~*~ (hiding).
  3751 | D:5      | 3751 ||| Stepping ~*~*~tactically~*~*~ (stealth).
  3752 | D:5      | 3752 ||| Stepping ~*~*~tactically~*~*~ (stealth).
  3757 | D:5      | 3757 ||| Stepping ~*~*~tactically~*~*~ (stealth).
  3773 | D:5      | Reached skill level 6 in Shields
  3792 | D:5      | 3792 ||| RIP OSSUARY
  3832 | D:5      | 3832 ||| PLANNING D:1-11
  3863 | D:5      | 3863 ||| Stepping ~*~*~tactically~*~*~ (stealth).
  3864 | D:5      | 3864 ||| Stepping ~*~*~tactically~*~*~ (stealth).
  3967 | D:5      | 3967 ||| Stepping ~*~*~tactically~*~*~ (hiding).
  4026 | D:5      | 4026 ||| Stepping ~*~*~tactically~*~*~ (hiding).
  4291 | D:5      | Reached skill level 8 in Unarmed Combat
  4319 | D:5      | 4319 ||| Stepping ~*~*~tactically~*~*~ (stealth).
  4488 | D:5      | 4488 ||| READING 4 scrolls labelled BOCHIO VIANIA.
  4489 | D:5      | 4489 ||| READING scroll labelled MOSTEPSEZAI.
  4490 | D:5      | 4490 ||| READING 2 scrolls of identify.
  4490 | D:5      | 4490 ||| IDENTIFYING fuming cyan potion
  4491 | D:5      | 4491 ||| DROPPING potion of ambrosia.
  4492 | D:5      | 4492 ||| DROPPING 3 scrolls of poison.
  4493 | D:5      | 4493 ||| READING scroll of teleportation.
  4553 | D:6      | Noticed Eustachio
  4567 | D:6      | Killed Eustachio
  4568 | D:6      | Reached skill level 3 in Fighting
  4771 | D:6      | Reached XP level 9. HP: 84/84 MP: 9/9
  4775 | D:6      | Noticed Blork the orc
  4785 | D:6      | Killed Blork the orc
  4786 | D:6      | Reached skill level 9 in Unarmed Combat
  4861 | D:6      | Noticed Pikel
  4870 | D:6      | 4870 ||| Stepping ~*~*~tactically~*~*~ (outnumbered).
  4873 | D:6      | 4873 ||| Stepping ~*~*~tactically~*~*~ (outnumbered).
  4875 | D:6      | 4875 ||| Stepping ~*~*~tactically~*~*~ (outnumbered).
  4877 | D:6      | 4877 ||| Stepping ~*~*~tactically~*~*~ (outnumbered).
  4878 | D:6      | 4878 ||| Stepping ~*~*~tactically~*~*~ (outnumbered).
  4879 | D:6      | 4879 ||| Stepping ~*~*~tactically~*~*~ (outnumbered).
  4880 | D:6      | 4880 ||| Stepping ~*~*~tactically~*~*~ (outnumbered).
  4881 | D:6      | 4881 ||| Stepping ~*~*~tactically~*~*~ (outnumbered).
  4882 | D:6      | 4882 ||| Stepping ~*~*~tactically~*~*~ (outnumbered).
  4883 | D:6      | 4883 ||| Stepping ~*~*~tactically~*~*~ (outnumbered).
  4884 | D:6      | 4884 ||| Stepping ~*~*~tactically~*~*~ (outnumbered).
  4885 | D:6      | 4885 ||| Stepping ~*~*~tactically~*~*~ (outnumbered).
  4886 | D:6      | 4886 ||| Stepping ~*~*~tactically~*~*~ (outnumbered).
  4887 | D:6      | 4887 ||| Stepping ~*~*~tactically~*~*~ (outnumbered).
  4888 | D:6      | 4888 ||| Stepping ~*~*~tactically~*~*~ (outnumbered).
  4889 | D:6      | 4889 ||| Stepping ~*~*~tactically~*~*~ (outnumbered).
  4890 | D:6      | 4890 ||| Stepping ~*~*~tactically~*~*~ (outnumbered).
  4897 | D:6      | Killed Pikel
  5427 | D:6      | 5427 ||| UPGRADING to ring of willpower.
  5428 | D:6      | 5428 ||| DROPPING +6 ring of intelligence.
  5429 | D:6      | 5429 ||| DRINKING 2 sedimented dark potions.
  5430 | D:6      | 5430 ||| DROPPING potion of attraction.
  5602 | D:7      | 5602 ||| Stepping ~*~*~tactically~*~*~ (outnumbered).
  5726 | D:7      | 5726 ||| Stepping ~*~*~tactically~*~*~ (outnumbered).
  5727 | D:7      | 5727 ||| Stepping ~*~*~tactically~*~*~ (outnumbered).
  5728 | D:7      | 5728 ||| Stepping ~*~*~tactically~*~*~ (outnumbered).
  5729 | D:7      | 5729 ||| Stepping ~*~*~tactically~*~*~ (outnumbered).
  5750 | D:7      | 5750 ||| Stepping ~*~*~tactically~*~*~ (hiding).
  5760 | D:7      | 5760 ||| Stepping ~*~*~tactically~*~*~ (outnumbered).
  5878 | D:7      | Reached skill level 10 in Unarmed Combat
  6332 | D:7      | 6332 ||| UPGRADING to +1 robe of cold resistance.
  6342 | D:7      | 6342 ||| DROPPING +0 robe.
  6343 | D:7      | 6343 ||| READING scroll labelled ATEBEGGEKA.
  6344 | D:7      | 6344 ||| DRINKING 2 bubbling coppery potions.
  6345 | D:7      | 6345 ||| READING 2 scrolls of identify.
  6345 | D:7      | 6345 ||| IDENTIFYING sapphire potion
  6346 | D:7      | 6346 ||| DROPPING potion of flight.
  6405 | D:8      | 6405 ||| Stepping ~*~*~tactically~*~*~ (outnumbered).
  6406 | D:8      | 6406 ||| Stepping ~*~*~tactically~*~*~ (outnumbered).
  6436 | D:8      | 6436 ||| INVOKING Fiery Armour.
  6460 | D:8      | Reached XP level 10. HP: 92/93 MP: 10/10
  6486 | D:8      | Found a staircase to the Lair.
  6532 | D:8      | Noticed a two-headed ogre
  6536 | D:8      | Killed a two-headed ogre
  6537 | D:8      | Reached skill level 11 in Unarmed Combat
  6572 | D:8      | Noticed Joseph
  6573 | D:8      | 6573 ||| Stepping ~*~*~tactically~*~*~ (hiding).
  6588 | D:8      | Killed Joseph
  6614 | D:8      | 6614 ||| Stepping ~*~*~tactically~*~*~ (stealth).
  6616 | D:8      | 6616 ||| Stepping ~*~*~tactically~*~*~ (stealth).
  6798 | D:8      | 6798 ||| Stepping ~*~*~tactically~*~*~ (stealth).
  6808 | D:8      | Reached skill level 9 in Shields
  7076 | D:8      | Found Fuuph's Assorted Antiques.
  7082 | D:8      | 7082 ||| BUYING 2 potions of curing (144 gold).
  7082 | D:8      | Bought 2 potions of curing for 144 gold pieces
  7082 | D:8      | 7082 ||| BUYING bubbling dark potion (21 gold).
  7082 | D:8      | Bought a bubbling dark potion for 21 gold pieces
  7082 | D:8      | 7082 ||| BUYING pearl ring (120 gold).
  7082 | D:8      | Bought a pearl ring for 120 gold pieces
  7082 | D:8      | 7082 ||| SHOPLISTING scroll of enchant armour (180 gold,
                  | have 152).
  7082 | D:8      | 7082 ||| BUYING scroll of identify (48 gold).
  7082 | D:8      | Bought a scroll of identify for 48 gold pieces
  7238 | D:8      | Noticed a two-headed ogre
  7244 | D:8      | Killed a two-headed ogre
  7245 | D:8      | Reached skill level 12 in Unarmed Combat
  7261 | D:8      | Noticed Maggie
  7268 | D:8      | Killed Maggie
  7351 | D:8      | 7351 ||| PLANNING LAIR
  7351 | D:8      | 7351 ||| UPGRADING to +0 swamp dragon scales.
  7361 | D:8      | 7361 ||| DROPPING +1 robe of cold resistance.
  7362 | D:8      | 7362 ||| DRINKING 2 bubbling dark potions.
  7401 | D:8      | 7401 ||| READING 4 scrolls of identify.
  7401 | D:8      | 7401 ||| IDENTIFYING purple potion
  7402 | D:8      | 7402 ||| READING 3 scrolls of identify.
  7402 | D:8      | 7402 ||| IDENTIFYING smoky puce potion
  7403 | D:8      | 7403 ||| READING 2 scrolls of identify.
  7403 | D:8      | 7403 ||| IDENTIFYING lumpy brown potion
  7404 | D:8      | 7404 ||| DROPPING potion of lignification.
  7405 | D:8      | 7405 ||| DROPPING potion of degeneration.
  7424 | Lair:1   | Entered Level 1 of the Lair of Beasts
  7427 | Lair:1   | 7427 ||| INVOKING Fiery Armour.
  7437 | Lair:1   | Reached skill level 1 in Armour
  7437 | Lair:1   | 7437 ||| DRINKING potion of cancellation.
  7583 | Lair:1   | Noticed a boulder beetle
  7584 | Lair:1   | 7584 ||| INVOKING Fiery Armour.
  7598 | Lair:1   | HP: 17/96 [boulder beetle (20)]
  7599 | Lair:1   | 7599 ||| READING scroll of teleportation.
  7602 | Lair:1   | HP: 4/96 [boulder beetle (17)]
  7602 | Lair:1   | Killed a boulder beetle
  7603 | Lair:1   | Reached XP level 11. HP: 4/102 MP: 11/11
  7809 | Lair:1   | 7809 ||| INVOKING Fiery Armour.
  7811 | Lair:1   | HP: 19/102 [cane toad (15)]
  7816 | Lair:1   | HP: 15/102 [poisoned by a cane toad]
  7821 | Lair:1   | HP: 15/102 [poisoned by a cane toad]
  7925 | Lair:1   | 7925 ||| Stepping ~*~*~tactically~*~*~ (stealth).
  7932 | Lair:1   | 7932 ||| Stepping ~*~*~tactically~*~*~ (stealth).
  7935 | Lair:1   | 7935 ||| Stepping ~*~*~tactically~*~*~ (outnumbered).
  7965 | Lair:1   | Reached skill level 13 in Unarmed Combat
  7991 | Lair:1   | Noticed a six-headed hydra
  7992 | Lair:1   | 7992 ||| Stepping ~*~*~tactically~*~*~ (stealth).
  7997 | Lair:1   | 7997 ||| INVOKING Fiery Armour.
  8001 | Lair:1   | Killed an eight-headed hydra
  8101 | Lair:1   | 8101 ||| Stepping ~*~*~tactically~*~*~ (stealth).
  8103 | Lair:1   | 8103 ||| Stepping ~*~*~tactically~*~*~ (stealth).
  8118 | Lair:1   | 8118 ||| Stepping ~*~*~tactically~*~*~ (stealth).
  8156 | Lair:1   | 8156 ||| Stepping ~*~*~tactically~*~*~ (stealth).
  8158 | Lair:1   | 8158 ||| Stepping ~*~*~tactically~*~*~ (stealth).
  8204 | Lair:1   | Identified the +6 scale mail of Tikhler {Harm rPois rN++
                  | Dex-3}
  8620 | Lair:1   | 8620 ||| READING 2 scrolls of identify.
  8620 | Lair:1   | 8620 ||| IDENTIFYING amethyst potion
  8621 | Lair:1   | 8621 ||| DROPPING potion of brilliance.
  8697 | Lair:2   | 8697 ||| Stepping ~*~*~tactically~*~*~ (stealth).
  8698 | Lair:2   | 8698 ||| Stepping ~*~*~tactically~*~*~ (stealth).
  8699 | Lair:2   | 8699 ||| Stepping ~*~*~tactically~*~*~ (stealth).
  8703 | Lair:2   | 8703 ||| Stepping ~*~*~tactically~*~*~ (outnumbered).
  8704 | Lair:2   | 8704 ||| INVOKING Fiery Armour.
  8705 | Lair:2   | 8705 ||| Stepping ~*~*~tactically~*~*~ (outnumbered).
  8706 | Lair:2   | 8706 ||| Stepping ~*~*~tactically~*~*~ (outnumbered).
  8707 | Lair:2   | 8707 ||| Stepping ~*~*~tactically~*~*~ (outnumbered).
  8715 | Lair:2   | 8715 ||| Stepping ~*~*~tactically~*~*~ (outnumbered).
  8717 | Lair:2   | 8717 ||| Stepping ~*~*~tactically~*~*~ (outnumbered).
  8718 | Lair:2   | 8718 ||| Stepping ~*~*~tactically~*~*~ (outnumbered).
  8720 | Lair:2   | 8720 ||| Stepping ~*~*~tactically~*~*~ (outnumbered).
  8725 | Lair:2   | Reached skill level 14 in Unarmed Combat
  8815 | Lair:2   | Found a staircase to the Shoals.
  8823 | Lair:2   | HP: 22/102 [wind drake/the air (13)]
  8827 | Lair:2   | Killed from afar by a wind drake

Levels and vault maps discovered:
D:1:      shiori_shiawase, layout_basic, basic_ecumenical_altar
D:2:      layout_rooms
D:3:      layout_basic
D:4:      layout_basic, minmay_temple_entry_overgrown, uniq_grinder,
          uniq_sigmund
D:5:      layout_loops_ring, nicolae_ashenzari_skybound,
          nicolae_ossuary_entry_false_entrances, minmay_misc_feat_more_columns,
          chequers_serial_rivers_small_b
D:6:      layout_layer_cave, corexii_leaking_fountain, uniq_blork_the_orc,
          uniq_pikel, uniq_eustachio
D:7:      corexii_shantytown, layout_cave_pods
D:8:      layout_basic, erik_lair_orcish_takeover, serial_shops,
          nicolae_shop_overgrown_old_shop, serial_park_tiny_1, grunt_decor_cap,
          minmay_misc_feat_room, uniq_joseph, uniq_maggie
Lair:1:   layout_chaotic_city, disabler_island, grunt_megastairs_5,
          lemuel_fruit_tree
Lair:2:   layout_gridlike, minmay_shoals_entry_beasts, gammafunk_ghost_arena

Skill      XL: |  1  2  3  4  5  6  7  8  9 10 11 |
---------------+----------------------------------+-----
Unarmed Combat | 4 6 8 10 12 14 | 14.0
Throwing       | 1 2 |  2.1
Shields        | 1 3 4 5 6 8 9 10 | 10.0
Dodging        | 1 2 |  2.1
Fighting       | 3 4 5 |  5.1
Armour         | 2 |  2.8
Spellcasting   | |  1.0
Fire Magic     | |  2.1

Action                   |  1- 3 |  4- 6 |  7- 9 | 10-12 || total
-------------------------+-------+-------+-------+-------++-------
Melee: Unarmed           |   105 |    50 |   306 |   245 ||   706
Throw: Large rock        |    25 |    18 |    21 |       ||    64
       Boomerang         |       |       |    21 |    41 ||    62
Invok: Fiery Armour      |       |     1 |     1 |     5 ||     7
  Use: Scroll            |     6 |     2 |    11 |     5 ||    24
       Potion            |       |       |     5 |     2 ||     7
Armor: Robe              |    21 |    16 |    63 |    12 ||   112
       Swamp dragon scal |       |       |       |    46 ||    46
Dodge: Dodged            |    27 |    15 |    48 |    41 ||   131
Block: Kite shield       |    10 |    31 |   171 |   146 ||   358
       Reflection        |       |     2 |     9 |     2 ||    13

Table legend:
 A = Non-vault XP
 B = Vault XP
 C = Vault XP percentage of total XP
 D = Non-vault monster count
 E = Vault monster count
 F = Vault count percentage of total count
                 A         B        C        D         E       F
            +---------+---------+-------+---------+---------+-------
      Total |   14452 |    4956 |  25.5 |     193 |      55 |  22.2
            +---------+---------+-------+---------+---------+-------
        D:1 |      36 |       0 |   0.0 |      24 |       0 |   0.0
        D:2 |      24 |       0 |   0.0 |      13 |       0 |   0.0
        D:3 |     100 |       0 |   0.0 |      22 |       0 |   0.0
        D:4 |     544 |     498 |  47.8 |      24 |       2 |   7.7
        D:5 |     897 |       0 |   0.0 |      26 |       0 |   0.0
        D:6 |     677 |     977 |  59.1 |       8 |       3 |  27.3
        D:7 |     546 |      97 |  15.1 |      19 |      34 |  64.2
        D:8 |    3771 |    1387 |  26.9 |      20 |       9 |  31.0
     Lair:1 |    5106 |    1997 |  28.1 |      24 |       7 |  22.6
     Lair:2 |    2751 |       0 |   0.0 |      13 |       0 |   0.0
            +---------+---------+-------+---------+---------+-------
